 Dungeon Crawl Stone Soup version 0.29-a0-1027-gcd8c55af63 (webtiles) character file.

Game seed: 5892493115582763006

65 Nietzsche the Shield-Bearer (level 4, -8/40 HPs)
             Began as a Meteoran Fighter on Aug 13, 2022.
             Mangled by Crazy Yiuf
             ... wielding a +3 quarterstaff of chaos
              (14 damage)
             ... on level 3 of the Dungeon.
             The game lasted 00:03:01 (1398 turns).

Nietzsche the Shield-Bearer (Meteoran Fighter)      Turns: 1398, Time: 00:03:01

Health: -8/40      AC:  7    Str: 17    XL:     4   Next: 62%
Magic:  5/5        EV:  9    Int: 10    God:
Gold:   192        SH:  5    Dex: 15    Spells: 3/3 levels left

rFire   . . .      SeeInvis .   u - +2 hammer (vorpal)
rCold   . . .      Faith    .   c - +0 buckler
rNeg    . . .      Spirit   .   b - +0 scale mail
rPois   .          Reflect  .   (no helmet)
rElec   .          Harm     .   (no cloak)
rCorr   .          Rampage  .   (no gloves)
Will    .....                   (no boots)
Stlth   ..........              (no amulet)
HPRegen 0.13/turn               (no ring)
MPRegen 0.09/turn               (no ring)

@: mighty, glowing
A: sense surroundings 1, otherworldly, glowing, explore regen
a: no special abilities


You were on level 3 of the Dungeon.
You visited 1 branch of the dungeon, and saw 3 of its levels.

You collected 192 gold pieces.

Inventory:

Hand Weapons
 a - a +0 flail
 u - a +2 vorpal hammer (weapon)
Armour
 b - a +0 scale mail (worn)
 c - a +0 buckler (worn)
Wands
 t - a wand of roots (11)
Scrolls
 e - a scroll of fear {unknown}
 f - 2 scrolls of amnesia {unknown}
 i - a scroll of vulnerability {unknown}
 k - a scroll of magic mapping {unknown}
 l - a scroll of torment {unknown}
 m - a scroll of immolation {unknown}
 n - a scroll of enchant weapon {unknown}
 o - a scroll of identify {unknown}
 q - a scroll of brand weapon {unknown}
 r - a scroll of teleportation {unknown}
Potions
 d - 2 potions of might
 g - a potion of mutation {unknown}
 h - a potion of cancellation {unknown}
 j - 3 potions of lignification {unknown}
 p - a potion of degeneration {unknown}
 s - a potion of curing {unknown}


   Skills:
 + Level 4.0 Fighting
 + Level 3.5 Maces & Flails
 + Level 4.2 Armour
 + Level 0.1 Dodging
 + Level 4.2 Shields


You had 3 spell levels left.
You didn't know any spells.
Your spell library contained the following spells:

 Spells                   Type           Power      Damage    Failure   Level
 Slow                     Hex            0%         N/A       85%         1
 Confusing Touch          Hex            0%         N/A       99%         3
 Vampiric Draining        Necr           0%         2d6       99%         3


Dungeon Overview and Level Annotations

Branches:
Dungeon (3/15) Zot: 360

Altars:
Ru

Annotations:
D:3 Crazy Yiuf


Innate Abilities, Weirdness & Mutations

You passively map a small area around you.
You are easily found by Zot.
You glow in the dark.
You regain HP and MP as you explore.


Message History

Found a dagger.
Found an escape hatch in the ceiling.
Found a stone staircase leading up.
There is a stone staircase leading up here.
Found a sacrificial altar of Ru.
No target in view!
There is a sacrificial altar of Ru here.
You now have 186 gold pieces (gained 19).
s - a green potion You now have 192 gold pieces (gained 6).
t - a wand of roots (11)
Found a hammer.
Found a hammer.
You see here a +0 hammer.
You see here a +2 vorpal hammer.
u - a +2 vorpal hammer You see here a +0 hammer.
You see here a +0 hammer.
u - a +2 vorpal hammer (weapon)
Found a hammer.
Found a runed translucent door.
Crazy Yiuf shouts!
Crazy Yiuf screams, "Spliff hog agre!"
You open the door. You hit Crazy Yiuf.
Crazy Yiuf is lightly wounded.
Crazy Yiuf hits you with a +3 quarterstaff of chaos!
Crazy Yiuf freezes you. Crazy Yiuf barely misses you.
You barely miss Crazy Yiuf.
Crazy Yiuf is lightly wounded.
Crazy Yiuf hits you with a +3 quarterstaff of chaos!
You are electrocuted!!
* * * LOW HITPOINT WARNING * * *
You hit Crazy Yiuf but do no damage.
Crazy Yiuf is lightly wounded.
Crazy Yiuf hits you but does no damage.
You feel very mighty all of a sudden.
You hit Crazy Yiuf.
Crazy Yiuf is moderately wounded.
Crazy Yiuf hits you with a +3 quarterstaff of chaos!
You die...

######.#
##.....## # ###
#.......####
#........#..
#####
#........+..
#)..#
#........#.#
#...#
#.....<.##.# ...
##.....###.#
#g#* ##...## #.#
♣@♣♣ ##'## #.#
♣♣.♣ #.# #..
♣.♣♣
####.#######
♣♣.♣
#........###
♣♣.♣♣
#.#...##....
♣♣...♣
#......#####
♣....♣ ###....#
#.).)# #..#.##
##..######..#..#


You could see Crazy Yiuf.

Vanquished Creatures
  3 adders
  4 dart slugs
  A ball python (D:2)
  4 endoplasms
  A giant cockroach (D:1)
  4 hobgoblins
  3 kobolds
  2 quokkas (D:2)
  3 bats
  4 frilled lizards
  3 rats
32 creatures vanquished.

Notes
Turn   | Place    | Note
-------+----------+-------------------------------------------
     0 | D:1      | Nietzsche the Meteoran Fighter began the quest for the Orb.
     0 | D:1      | Reached XP level 1. HP: 19/19 MP: 2/2
   120 | D:1      | Found a faded altar of an unknown god.
   223 | D:1      | Reached XP level 2. HP: 26/26 MP: 3/3
   493 | D:1      | Glimpsed the power of Zot.
   526 | D:2      | Reached XP level 3. HP: 18/31 MP: 4/4
   874 | D:3      | Reached XP level 4. HP: 31/40 MP: 5/5
  1285 | D:3      | Found a sacrificial altar of Ru.
  1390 | D:3      | Found a runed translucent door.
  1391 | D:3      | Noticed Crazy Yiuf
  1398 | D:3      | Mangled by Crazy Yiuf

Illustrated notes

Levels and vault maps discovered:
D:1:      minmay_arrival_four_loops, layout_rooms,
          hellmonk_ecumenical_altar_arch_garden, minmay_indecisive_spiral
D:2:      layout_rooms, amcnicky_mini_pool_small
D:3:      kennysheep_slugbush, layout_loops_corners, overflow_temple_1_default,
          serial_bayou_lagoon_a, uniq_crazy_yiuf_cottage

Skill      XL: |  1  2  3 |
---------------+----------+-----
Shields        | 4 |  4.2
Maces & Flails | 3 |  3.5
Fighting       | 4 |  4.0
Armour         | 4 |  4.2
Dodging        | |  0.1

Action                   |  1- 3 |  4- 6 || total
-------------------------+-------+-------++-------
Melee: Flail             |    80 |    24 ||   104
       Mace              |       |     4 ||     4
Armor: Scale mail        |    42 |    22 ||    64
Dodge: Dodged            |    34 |     9 ||    43
Block: Buckler           |    21 |     6 ||    27

Table legend: (Time is in decaauts)
 A = Elapsed time spent in this place.
 B = Non-inter-level travel time spent in this place.
 C = Inter-level travel time spent in this place.
 D = Time resting spent in this place.
 E = Time spent auto-exploring this place.
 F = Levels seen in this place.
 G = Mean time per level.
                   A        B        C        D        E       F      G
               +--------+--------+--------+--------+--------+-----+--------+
         Total |   1438 |   1438 |      0 |      0 |   1017 |   3 |  479.3 |
       Dungeon |   1438 |   1438 |      0 |      0 |   1017 |   3 |  479.3 |
               +--------+--------+--------+--------+--------+-----+--------+

Top non-repeatable levels by time:
     D:3: 556 daAuts
     D:1: 518 daAuts
     D:2: 364 daAuts
